 Dungeon Crawl Stone Soup version 0.27-a0-890-ged2907cb04 (webtiles) character file.

Game seed: 5436229177206637448

35 Kakkamies the Shield-Bearer (level 3, -3/29 HPs)
             Began as a Formicid Fighter on Apr 5, 2021.
             Slain by a gnoll
             ... wielding a +0 halberd
              (10 damage)
             ... on level 2 of the Dungeon.
             The game lasted 00:02:15 (1227 turns).

Kakkamies the Shield-Bearer (Formicid Fighter)      Turns: 1227, Time: 00:02:16

Health: -3/29      AC:  7    Str: 20    XL:     3   Next: 55%
Magic:  3/3        EV:  8    Int:  7    God:
Gold:   46         SH:  9    Dex: 11    Spells: 2/2 levels left

rFire    . . .     SeeInvis +   a - +0 trident
rCold    . . .     Faith    .   c - +0 kite shield
rNeg     . . .     Spirit   .   b - +0 scale mail
rPois    .         Reflect  .   (helmet unavailable)
rElec    .         Harm     .   (no cloak)
rCorr    .         Rampage  .   (no gloves)
Will     .....                  (no boots)
Stlth    ..........             (no amulet)
HPRegen  0.09/turn              (no ring)
MPRegen  0.08/turn              (no ring)

@: no status effects
A: permanent stasis, dig shafts and tunnels, antennae 3, four strong arms
a: Dig, Shaft Self


You were on level 2 of the Dungeon.
You visited 1 branch of the dungeon, and saw 2 of its levels.

You collected 46 gold pieces.

Inventory:

Hand Weapons
 a - a +0 trident (weapon)
 k - a +0 hunting sling
 m - a +0 club
Missiles
 i - 20 poisoned darts (quivered)
 l - 52 stones
Armour
 b - a +0 scale mail (worn)
 c - a +0 kite shield (worn)
Scrolls
 e - a scroll of identify {unknown}
 f - 2 scrolls of vulnerability {unknown}
 g - a scroll of holy word {unknown}
 h - a scroll of fear {unknown}
Potions
 d - a potion of might
 j - a potion of flight {unknown}


   Skills:
 + Level 3.4 Fighting
 + Level 2.2 Polearms
 + Level 4.1 Armour
 + Level 4.1 Shields


You had 2 spell levels left.
You didn't know any spells.
Your spell library contained the following spells:

 Spells                   Type           Power      Damage    Failure   Level
 Magic Dart               Conj           0%         1d3       98%         1
 Call Imp                 Summ           0%         N/A       99%         2
 Slow                     Hex            0%         N/A       99%         2
 Conjure Flame            Conj/Fire      0%         6-21      100%        3
 Mephitic Cloud           Conj/Pois/Air  0%         N/A       100%        3
 Blink                    Tloc           Unusable   N/A       N/A         2

Dungeon Overview and Level Annotations

Branches:
Dungeon (2/15)

Altars:


Innate Abilities, Weirdness & Mutations

You cannot be hasted, slowed, berserked, paralysed or teleported.
You can dig through walls and to a lower floor.
You have a pair of large antennae on your head. (SInv)
Your four strong arms can wield two-handed weapons with a shield.


Message History

The gnoll is lightly wounded.
The gnoll closely misses you.
You reach to attack!
You barely miss the gnoll.
The gnoll is lightly wounded.
The gnoll hits you from afar with a +0 halberd.
You reach to attack!
You barely miss the gnoll.
The gnoll is lightly wounded.
The gnoll barely misses you. You block the gnoll's attack.
You reach to attack!
You completely miss the gnoll.
The gnoll is lightly wounded.
The gnoll looks more healthy.
You block the gnoll's attack.
You reach to attack!
You puncture the gnoll!
You kill the gnoll!
You have reached level 3!
Your experience leads to an increase in your attributes!
Increase (S)trength, (I)ntelligence, or (D)exterity?
You feel agile.
You reach to attack!
You puncture the gnoll!
You kill the gnoll!
Your Armour skill increases to level 4!
You reach to attack!
You hit the gnoll.
The gnoll is moderately wounded.
The gnoll hits you from afar with a +0 halberd.
You block the gnoll's attack.
You reach to attack!
You barely miss the gnoll.
The gnoll is moderately wounded.
You block the gnoll's attack.
You reach to attack!
Your shield prevents you from hitting the gnoll.
The gnoll is moderately wounded.
The gnoll barely misses you.
You reach to attack!
You puncture the gnoll!
The gnoll is almost dead.
You block the gnoll's attack.
The gnoll hits you from afar with a +0 halberd!
* * * LOW HITPOINT WARNING * * *
You are too injured to fight recklessly!
You are too injured to fight recklessly!
The gnoll hits you from afar with a +0 halberd!
You die...

#.###.#####.
####.###.#####.
#.g....g....##.
#.##..#####.##.
#g##..# ##.
#g##..# ..
#.##..# #. ##.
##########(##..#
# .).
.......@.g.##...{
#..
#############.##
#.# .# #.# .. #.#
#.#†### #..†.<#
#.....# #........


You could see a gnoll.

Vanquished Creatures
  2 gnolls (D:2)
  A giant cockroach (D:1)
  2 hobgoblins (D:1)
  4 jackals (D:2)
  3 ball pythons (D:1)
  A frilled lizard (D:1)
  A goblin (D:2)
  2 kobolds (D:1)
  2 rats
18 creatures vanquished.

Notes
Turn   | Place    | Note
-------+----------+-------------------------------------------
     0 | D:1      | Kakkamies the Formicid Fighter began the quest for the Orb.
     0 | D:1      | Reached XP level 1. HP: 18/18 MP: 1/1
   390 | D:1      | Reached XP level 2. HP: 24/24 MP: 2/2
   694 | D:1      | Found a faded altar of an unknown god.
  1222 | D:2      | Reached XP level 3. HP: 18/29 MP: 3/3
  1227 | D:2      | Slain by a gnoll

Illustrated notes

Levels and vault maps discovered:
D:1:      evilmike_arrival_rings, layout_loops_ring, basic_ecumenical_altar,
          dk_noncrumbling_3
D:2:      layout_loops_ring, minmay_goblin_kobold_house

Skill      XL: |  1  2  3 |
---------------+----------+-----
Shields        | 4 |  4.1
Armour         | 4 |  4.1
Fighting       | |  3.4
Polearms       | |  2.2

Action                   || total
-------------------------++-------
Melee: Trident           ||    69
Throw: Dart              ||     1
Armor: Scale mail        ||    17
Dodge: Dodged            ||    22
Block: Kite shield       ||    34

Table legend: (Time is in decaauts)
 A = Elapsed time spent in this place.
 B = Non-inter-level travel time spent in this place.
 C = Inter-level travel time spent in this place.
 D = Time resting spent in this place.
 E = Time spent auto-exploring this place.
 F = Levels seen in this place.
 G = Mean time per level.
                   A        B        C        D        E       F      G
               +--------+--------+--------+--------+--------+-----+--------+
         Total |   1253 |   1157 |     96 |     82 |    881 |   2 |  626.5 |
       Dungeon |   1253 |   1157 |     96 |     82 |    881 |   2 |  626.5 |
               +--------+--------+--------+--------+--------+-----+--------+

Top non-repeatable levels by time:
     D:1: 1095 daAuts
     D:2: 158 daAuts
